 Dungeon Crawl Stone Soup version 0.17-a0-1719-g1afd5a1 (webtiles) character file.

20473 matakusis the Nimble (level 12, -3/94 HPs)
             Began as a Demonspawn Gladiator on Aug 27, 2015.
             Was an Elder of Yredelemnul.
             Killed from afar by a frost giant (22 damage)
             ... with a bolt of cold
             ... in an ice cave on Aug 28, 2015.
             The game lasted 01:06:38 (9382 turns).

matakusis the Nimble (Demonspawn Gladiator)         Turns: 9382, Time: 01:06:38

Health: -3/94      AC: 22    Str: 23    XL:     12   Next: 45%
Magic:  23/23      EV: 23    Int: 13    God:    Yredelemnul [****..]
Gold:   892        SH:  0    Dex: 20    Spells: 0 memorised, 11 levels left

rFire  . . .     SeeInvis .     a - +0 war axe (flame)
rCold  . . .     Clarity  .     b - +3 ring mail "Bexofory" {MR+ Regen+ MP+9 Stlth-}
rNeg   . . .     SustAt   .     (no shield)
rPois  .         Gourm    .     c - +0 helmet
rElec  .         Spirit   .     r - +0 cloak
rCorr  .         Warding  .     A - +0 pair of gloves
rMut   .         Stasis   .     (no boots)
MR     +....                    u - amulet of regeneration
Stlth  ..........               q - +6 ring of strength
                                l - +6 ring of protection

@: somewhat resistant to hostile enchantments, extremely unstealthy
A: hooves 2, thin metallic scales 2, agile 1, clever 1, demonic guardian 1,
spiny 1, strong 1
a: Animate Dead, Recall Undead Slaves, Injury Mirror, Drain Life, Renounce
Religion


You were in an ice cave.
You worshipped Yredelemnul.
Yredelemnul was greatly pleased with you.
You were hungry.

You visited 3 branches of the dungeon, and saw 14 of its levels.
You also visited: Sewer and Ice Cave.

You collected 892 gold pieces.

Inventory:

Hand weapons
 a - a +0 war axe of flaming (weapon)
 R - a +0 whip of electrocution
Missiles
 d - 6 throwing nets (quivered)
Armour
 b - the +3 ring mail "Bexofory" (worn) {MR+ Regen+ MP+9 Stlth-}
   (You found it on level 7 of the Dungeon)

   It affects your resistance to hostile enchantments.
   It affects your magic capacity (+9).
   It increases your rate of regeneration.
   It makes you less stealthy.
 c - a +0 helmet (worn)
 r - a +0 cloak (worn)
 A - a +0 pair of gloves (worn)
 E - the +0 scale mail of Sif Muna's Supremacy {Regen+ rCorr}
   (You found it on level 5 of the Dungeon)

   It increases your rate of regeneration.
   It protects you from acid and corrosion.
Magical staves
 p - an uncursed staff of conjuration
Jewellery
 g - a +5 ring of intelligence
 l - a +6 ring of protection (left hand)
 o - an uncursed amulet of resist corrosion
 q - a +6 ring of strength (right hand)
 u - an amulet of regeneration (around neck)
 F - an uncursed ring of magical power
Magical devices
 y - a wand of frost (27)
 B - a wand of frost (18)
 G - a wand of polymorph (12)
 K - a wand of fire (5)
 O - a wand of digging (11)
 U - a wand of polymorph (4)
Scrolls
 f - 3 scrolls of noise
 h - a scroll of recharging
 j - a scroll of identify
 w - 8 scrolls of remove curse
 x - 2 scrolls of silence
 C - 4 scrolls of enchant armour
 I - a scroll of enchant weapon
Potions
 k - 3 potions of brilliance
 s - 4 potions of cancellation
 v - 2 potions of flight
 H - 2 potions of magic
 S - a potion of degeneration
Books
 m - a book of Battle

   Spells                             Type                      Level
   a - Infusion                       Charms                       1
   b - Shroud of Golubria             Charms/Translocation         2
   c - Song of Slaying                Charms                       2
   d - Spectral Weapon                Hexes/Charms                 3
   e - Regeneration                   Charms/Necromancy            3
 D - a book of Alchemy

   Spells                             Type                      Level
   a - Sublimation of Blood           Necromancy                   2
   b - Ignite Poison                  Fire/Transmutation/Poison    3
   c - Alistair's Intoxication        Transmutation/Poison         4
   d - Condensation Shield            Ice                          4
   e - Petrify                        Transmutation/Earth          4
   f - Irradiate                      Conjuration/Transmutation    5
 L - a book of Spatial Translocations

   Spells                             Type                      Level
   a - Apportation                    Translocation                1
   b - Blink                          Translocation                2
   c - Shroud of Golubria             Charms/Translocation         2
   d - Portal Projectile              Translocation                3
   e - Teleport Other                 Translocation                3
   f - Passage of Golubria            Translocation                4
 P - a book of the Earth

   Spells                             Type                      Level
   a - Leda's Liquefaction            Hexes/Earth                  4
   b - Bolt of Magma                  Conjuration/Fire/Earth       5
   c - Statue Form                    Transmutation/Earth          6
   d - Iron Shot                      Conjuration/Earth            6
   e - Shatter                        Earth                        9
Miscellaneous
 N - a box of beasts
Comestibles
 e - 7 bread rations
 n - 4 meat rations
 z - 9 fruits
 J - 6 royal jellies
 M - 3 slices of pizza
 Q - 4 chunks of flesh


   Skills:
 + Level 8.3 Fighting
 + Level 9.5 Axes
 - Level 1.7 Throwing
 + Level 6.4 Armour
 * Level 13.5 Dodging
 - Level 3.1 Invocations


You had 11 spell levels left.
You didn't know any spells.

Dungeon Overview and Level Annotations

Branches:
Dungeon (11/15)            Temple (1/1) D:6            Lair (0/8) D:10
    Orc (2/4) D:11

Altars:
Ashenzari
Cheibriados
Dithmenos
Elyvilon
Fedhas
Gozag
Kikubaaqudgha
Makhleb
Nemelex Xobeh
Okawaru
Qazlal
Ru
Sif Muna
Trog
Vehumet
Xom
Yredelemnul
Zin
The Shining One
Beogh

Shops:
D:6 (   D:9 *

Portals:
Trove: D:10 (give horn of Geryon)


Innate Abilities, Weirdness & Mutations

You have hoof-like feet.
You are mostly covered in thin metallic scales (AC +3).
A weak demonic guardian rushes to your aid.
You are partially covered in sharp spines.
You are agile. (Dex +2)
Your mind is acute. (Int +2)
Your muscles are strong. (Str +2)


Message History

You hear a bellow!
You hear an angry growl.
Drink which item? (? for menu, Esc to quit)
You feel better. The frost giant casts a spell at you.
The bolt of cold hits you!
* * * LOW HITPOINT WARNING * * *
The polar bear misses you. x2
The polar bear completely misses you.
Read which item? (? for menu, Esc to quit)
Okay, then.
Drink which item? (? for menu, Esc to quit)
Okay, then.
Drink which item? (? for menu, Esc to quit)
Okay, then.
The frost giant hits you but does no damage.
The frost giant points at you and mumbles some strange words.
The bolt of cold hits the polar bear.
The polar bear resists.
The bolt of cold hits you!
You die...
Your body rises from the dead as a mindless zombie. #..#...≈.###..# #..###.#.#h#.Z.# YYh.

#.##h.#Z..#
..hY.
##(.###..##
..C.h
#h###..##
.hh.
##C##Z##
....
#.##§Z#
##h##§##
##@##§§##
##.####§§#
#5## ##§#
##.#####§#
#Z#.#.#.#
##.ZZ...#
#.#.⌠..#
###...##
##.##


You could see a frost giant, 2 polar bears and a friendly iron imp.

Vanquished Creatures
  The ghost of kae the Fencer, a powerful MiFi of Qazlal (IceCv)
  Harold (D:11)
  3 death yaks
  An unseen horror (D:9)
  A hill giant (D:11)
  An ice statue (IceCv)
  A cyclops (D:11)
  A gargoyle (D:11)
  A two-headed ogre (D:11)
  14 polar bears
  A troll (D:5)
  24 yaks
  A deep elf mage (D:9)
  A wyvern (D:9)
  Eustachio (D:6)
  2 hungry ghosts
  4 hippogriffs
  3 wargs
  13 wolves (IceCv)
  2 water moccasins
  A wasp (D:9)
  2 sky beasts (D:10)
  2 necrophages (D:9)
  7 orc warriors
  2 black bears (D:9)
  An ogre (D:8)
  2 centaurs
  An eye of draining (D:9)
  6 big kobolds
  8 giant frogs
  A water moccasin zombie (D:9)
  6 killer bees (D:11)
  2 scorpions
  4 wights (D:11)
  A troll skeleton (D:9)
  2 spriggan skeletons (D:9)
  A crimson imp (D:8)
  An electric eel (D:10)
  A wasp zombie (D:8)
  7 centaur skeletons
  4 iguanas
  3 jellies
  3 orc priests (Orc:2)
  3 giant frog zombies
  2 hounds
  8 orc wizards
  2 sheep (D:9)
  9 worker ants
  A killer bee zombie (D:9)
  A hound zombie (D:5)
  2 hound skeletons
  A worker ant zombie (D:9)
  13 adders
  7 gnolls
  2 river rats
  A shadow imp (D:8)
  7 oozes
  9 worms
  An adder skeleton (D:5)
  An adder zombie (D:8)
  5 giant geckos
  44 orcs
  5 ball pythons (Sewer)
  8 bats
  9 goblins
  9 hobgoblins
  3 quokkas
  4 giant cockroaches
  7 giant newts
  22 kobolds
  A quokka skeleton (D:8)
  9 rats
  A spectral orc (D:3)
  A bush (D:9)
343 creatures vanquished.

Vanquished Creatures (collateral kills)
  A centaur skeleton (D:10)
  A polar bear (D:9)
  4 yaks (IceCv)
  A black bear (D:9)
  An ogre (D:5)
  An orc warrior (D:11)
  2 necrophages (D:9)
  2 big kobolds
  An orc priest (Orc:2)
  3 orc wizards
  A gnoll (D:10)
  2 oozes
  9 orcs
29 creatures vanquished.

Vanquished Creatures (others)
  A wolf (IceCv)
  5 polar bear zombies
  5 yak zombies
  2 warg zombies (D:11)
  A yak skeleton (IceCv)
  A wight (IceCv)
  2 wolf zombies (IceCv)
  A giant frog zombie (D:11)
  A two-headed ogre zombie (D:11)
  A mummy (IceCv)
  4 orc zombies
  A bush (D:9)
  7 plants (D:9)
32 creatures vanquished.

Grand Total: 404 creatures vanquished

Notes
Turn   | Place    | Note
--------------------------------------------------------------
     0 | D:1      | matakusis the Demonspawn Gladiator began the quest for the Orb.
     0 | D:1      | Reached XP level 1. HP: 16/16 MP: 1/1
   288 | D:1      | Gained mutation: You are partially covered in sharp spines. [demonic ancestry]
   288 | D:1      | Reached XP level 2. HP: 22/22 MP: 2/2
   355 | D:1      | Reached skill level 3 in Dodging
   744 | D:1      | Gained mutation: A weak demonic guardian rushes to your aid. [demonic ancestry]
   744 | D:1      | Reached XP level 3. HP: 28/28 MP: 3/3
   978 | D:2      | Found a snail-covered altar of Cheibriados.
  1212 | D:2      | Gained mutation: You have large cloven feet. [demonic ancestry]
  1212 | D:2      | Reached XP level 4. HP: 34/34 MP: 4/4
  1335 | D:2      | Found a shattered altar of Ashenzari.
  1670 | D:3      | Found a white marble altar of Elyvilon.
  1683 | D:3      | Reached skill level 4 in Dodging
  1719 | D:3      | Found a basalt altar of Yredelemnul.
  1729 | D:3      | Became a worshipper of Yredelemnul the Dark
  2086 | D:3      | Gained mutation: You have hoof-like feet. [demonic ancestry]
  2086 | D:3      | Reached XP level 5. HP: 39/39 MP: 5/5
  2184 | D:3      | Found a burning altar of Makhleb.
  2266 | D:3      | Found an ancient bone altar of Kikubaaqudgha.
  2424 | D:4      | Acquired Yredelemnul's first power
  2481 | D:4      | Reached skill level 5 in Dodging
  2548 | D:4      | Reached skill level 1 in Armour
  2597 | D:4      | Reached XP level 6. HP: 36/46 MP: 6/6
  2634 | D:4      | Found a glowing drain.
  2641 | Sewer    | Entered a sewer
  2860 | Sewer    | Reached XP level 7. HP: 50/52 MP: 7/7
  2907 | Sewer    | Acquired Yredelemnul's second power
  2968 | Sewer    | Reached skill level 6 in Dodging
  3568 | D:5      | Entered Level 5 of the Dungeon
  3689 | D:5      | Got a jewelled scale mail
  3702 | D:5      | Identified the cursed +0 scale mail of Sif Muna's Supremacy {Regen+ rCorr} (You found it on level 5 of the Dungeon)
  3819 | D:5      | Noticed a troll
  3826 | D:5      | Killed a troll
  3826 | D:5      | Gained mutation: You are partially covered in thin metallic scales (AC +2). [demonic ancestry]
  3826 | D:5      | Reached XP level 8. HP: 28/60 MP: 8/8
  3869 | D:5      | Reached skill level 5 in Axes
  4018 | D:6      | Reached skill level 7 in Dodging
  4040 | D:6      | Found Oguihaz's Weapon Shoppe.
  4089 | D:6      | Found a staircase to the Ecumenical Temple.
  4096 | Temple   | Entered the Ecumenical Temple
  4502 | D:6      | Noticed Eustachio
  4532 | D:6      | Killed Eustachio
  4778 | D:7      | Got a smoking ring mail
  4779 | D:7      | Found a stormy altar of Qazlal.
  4779 | D:7      | Found a shimmering altar of Xom.
  4791 | D:7      | Identified the +3 ring mail "Bexofory" {MR+ Regen+ MP+9 Stlth-} (You found it on level 7 of the Dungeon)
  4818 | D:7      | Found a shadowy altar of Dithmenos.
  4823 | D:7      | Found a sacrificial altar of Ru.
  5008 | D:7      | Found a sparkling altar of Nemelex Xobeh.
  5255 | D:8      | Reached XP level 9. HP: 62/67 MP: 9/9
  5286 | D:8      | Acquired Yredelemnul's third power
  5326 | D:8      | Reached skill level 8 in Dodging
  5428 | D:8      | Reached skill level 5 in Fighting
  6048 | D:9      | Paralysed by a wasp for 3 turns
  6066 | D:9      | Reached skill level 9 in Dodging
  6105 | D:9      | Found a blossoming altar of Fedhas.
  6225 | D:9      | Found a huge runed gate.
  6225 | D:9      | Found a huge runed gate.
  6226 | D:9      | Found a huge runed gate.
  6226 | D:9      | Noticed a death yak
  6227 | D:9      | Found a huge runed gate.
  6303 | D:9      | Found Hiwkaoc's Demolitions Depot.
  6391 | D:9      | Found a glowing golden altar of the Shining One.
  6521 | D:9      | Reached XP level 10. HP: 76/76 MP: 10/10
  6728 | D:9      | Killed an unseen horror
  6728 | D:9      | Reached skill level 5 in Armour
  6728 | D:9      | Reached skill level 10 in Dodging
  7126 | D:9      | Killed a death yak
  7128 | D:9      | Reached skill level 1 in Invocations
  7210 | D:10     | Entered Level 10 of the Dungeon
  7283 | D:10     | Gained mutation: You are agile. (Dex +2) [mutagenic meat]
  7284 | D:10     | Gained mutation: Your mind is acute. (Int +2) [mutagenic meat]
  7285 | D:10     | Gained mutation: You are mostly covered in thin metallic scales (AC +3). [mutagenic meat]
  7286 | D:10     | Gained mutation: Your muscles are strong. (Str +2) [mutagenic meat]
  7339 | D:10     | Reached skill level 11 in Dodging
  7339 | D:10     | Reached XP level 11. HP: 73/83 MP: 12/12
  7339 | D:10     | Received a gift from Yredelemnul
  7406 | D:10     | Found a staircase to the Lair.
  7507 | D:10     | Found a portal to a secret trove of treasure.
  7617 | D:10     | Found a stormy altar of Qazlal.
  7868 | D:11     | Noticed a hill giant
  7884 | D:11     | Killed a hill giant
  7993 | D:11     | Found a staircase to the Orcish Mines.
  8052 | D:11     | Noticed Harold
  8070 | D:11     | Killed Harold
  8101 | D:11     | Acquired Yredelemnul's fourth power
  8483 | Orc:1    | Entered Level 1 of the Orcish Mines
  8654 | Orc:2    | Received a gift from Yredelemnul
  8669 | Orc:2    | Found a roughly hewn altar of Beogh.
  8761 | Orc:2    | Found a frozen archway.
  8774 | IceCv    | Entered an ice cave
  8785 | IceCv    | Reached skill level 12 in Dodging
  8814 | IceCv    | Received a gift from Yredelemnul
  8852 | IceCv    | Noticed an ice statue
  8869 | IceCv    | Killed an ice statue
  8956 | IceCv    | Reached XP level 12. HP: 79/92 MP: 14/14
  8976 | IceCv    | Received a gift from Yredelemnul
  9049 | IceCv    | Noticed kae's ghost (powerful MiFi)
  9097 | IceCv    | Killed kae's ghost
  9097 | IceCv    | Reached skill level 13 in Dodging
  9190 | IceCv    | Noticed a death yak
  9214 | IceCv    | Killed a death yak
  9338 | IceCv    | Noticed a death yak
  9338 | IceCv    | Noticed a frost giant
  9338 | IceCv    | Noticed a death yak
  9374 | IceCv    | Killed a death yak
  9382 | IceCv    | Killed from afar by a frost giant

Vault maps used:
D:1:      elethiomel_arrival_infinity_welcomes_careful_drivers, minivault_26,
          serial_bayou_pond_a
D:2:      lemuel_coloured_pillars_altar, ashenzari_altar_1
D:3:      overflow_temple_1_default, yredelemnul_forgotten_temple_becter,
          makhleb_blood_cavern_becter, lemuel_doored_altar, first_bread
D:4:      gup_sewer_entry_bubbles
D:6:      minmay_temple_entry_trees, serial_shops, nicolae_shop_waterfront,
          hex_medium, uniq_eustachio
D:7:      nemelex_altar_shiori, grunt_temple_overflow_open,
          gammafunk_temple_overflow_wave
D:9:      lemuel_bear_cage, kennysheep_mini_moat, fedhas_altar_decomposition,
          hangedman_tell_no_tales, basic_loot_grate_trap, nicolae_blasting_shop
D:10:     lair_0_dummy, basic_altar, enter_trove_1
D:11:     david_orc_3, uniq_harold
Temple:   nicolae_temple_hex_pool
Orc:2:    portal_ice_cave_entry_pillars_02, lemuel_statue_altar
Sewer:    sewer_co_tree
IceCv:    ice_cave_caverns_02

Action                   |  1- 3 |  4- 6 |  7- 9 | 10-12 || total
-------------------------+-------+-------+-------+-------++-------
Melee: War axe           |    52 |   115 |   304 |   465 ||   936
Throw: Throwing net      |       |       |       |     1 ||     1
Invok: Animate Dead      |       |       |       |    17 ||    17
       Injury Mirror     |       |       |       |     2 ||     2
  Use: Scroll            |       |    11 |    10 |    11 ||    32
       Potion            |       |       |       |    18 ||    18
 Stab: Sleeping          |     1 |       |       |       ||     1
       Distracted        |       |     1 |       |     6 ||     7
  Eat: Chunk             |       |     6 |    10 |    20 ||    36
       Beef jerky        |       |       |     2 |       ||     2
       Fruit             |       |       |     1 |       ||     1
